Unix NetHack Version 5.0.0-0 post-release - last build May 23 2026 06:08:33 (1c0ff79ee797540d5714e4e18072db0edd9e58ae,branch:main).

Game began 2026-05-25 03:25:36, ended 2026-05-25 04:02:16.

ArrBianca, lawful female human Samurai

                                                     -------  -------------
                          -          -----          --.....----........|..|
        --..---         |.-        ---...---        |...--......|...{..-..-
      ---........       |.|       --.......- ----   |....|--------.....|....
      ...........-  --+--.--------|.........--..|  ......|       |.--|-----
   ----.....{....----.............---...G.......|  ..|...--      |.|...|
   |..-...............-.---+-----..-|..........--   .|-...+      |.|...|
   |..|-............--|..    --.....|-....|.....|  .--...--      |.-------
   ------.---...-|...-|..   --...|..---...|.--..  ..|....|       |.......--
        -|- ----|-....--   --...---......-|.| -  .-....---       ------...|
       ....|  |.|...)..|.. |...........---|.|   .-.......             |.@.|
      |%%%%| --.|....---...|.......----.  |.|.. |...{...              |.@--
      ------ |..|....)))...|..---.--   -.-|....--.......              -).-
         -----..| ...|)....---- |.|    |..|.-.--........             .@...|
       ---.|[...|  ----...-            |.........---+-.            ...d--+-
    --|.........|     |..--            |..+.------                -..--
   --.|-.....----     |..|             ------                     --
  --..|...)|.---------|..|
  |.....---|.........--..|
  |<..---  ------.......--
  -----         ---------
ArrBianca the Kunoichi  St:11 Dx:17 Co:17 In:11 Wi:10 Ch:6  Lawful
Dlvl:8  $:0  HP:0(68) Pw:22(22) AC:4  Xp:7 T:2444  Burdened Stun

Latest messages:
 You feel wise!
 You must have been very observant.
 Something casts a spell at you!
 You reel...
 Wait!  There's something there you can't see!
 Something casts a spell at you!
 Your brain is on fire!
 You hear a mumbled curse.
 Your lantern is getting dim.
 Something casts a spell at you!
 You struggle to keep your balance.
 You hear a mumbled curse.
 You dishonorably attack the innocent!
 Hachi yelps!
 You hit Hachi.
 You hear the splashing of a naiad.
 You feel a bit steadier now.
 You hear someone cursing shoplifters.
 Hachi misses it.
 You hear someone praising Amaterasu Omikami.
 You hear an animal carcass being offered in sacrifice.
 Something casts a spell at you!
 You reel...
 You feel an unseen monster!
 You hear a mumbled curse.
 You dishonorably attack the innocent!
 Hachi yelps!
 You hit Hachi!
 You dishonorably attack the innocent!
 You miss the watch captain.
 The watch captain gets angry!
 "Halt!  You're under arrest!"
 An angry guard is approaching!
 The watch captain wields a silver saber!
 The silver saber welds itself to the watch captain's hand!
 The watch captain swings her silver saber.
 The watch captain hits!
 You hit the watch captain!
 The watch captain swings her silver saber.
 The watch captain hits!
 The watch captain swings her silver saber.
 The watch captain hits again!
 The watchman throws a shito!
 The shito hits Hachi.
 Wait!  There's something there you can't see!
 You hear a mumbled curse.
 The watch captain swings her silver saber.
 The watch captain hits!
 You die...
 Do you want your possessions identified? [ynq] (y) q

Inventory:
 Weapons  (')')
  d - 11 +0 ya (in quiver)
  c - a +0 yumi (alternate weapon; not wielded)
  O - 11 +0 darts
  R - 5 blessed +1 daggers
  Q - 5 blessed +0 daggers
  P - 8 +0 daggers
  a - a +0 katana (weapon in left hand)
  b - a +0 wakizashi
 Armor    ('[')
  w - an uncursed +0 dwarvish cloak (being worn)
  S - a cursed -1 dwarvish cloak
  s - an uncursed +1 chain mail (being worn)
 Comestibles  ('%')
  h - 2 uncursed gunyoki
  A - an uncursed tin of dried large kobold meat
 Scrolls  ('?')
  I - an uncursed scroll of blank paper
  n - 3 uncursed scrolls of enchant armor
  e - an uncursed scroll of light
 Spellbooks  ('+')
  M - an uncursed spellbook of protection
 Potions  ('!')
  B - an uncursed potion of object detection
  x - an uncursed potion of paralysis
  N - an uncursed potion of water
 Rings    ('=')
  t - an uncursed ring of cold resistance (on left hand)
  g - a cursed ring of fire resistance
 Wands    ('/')
  K - a wand of magic missile (0:7)
  k - a wand of sleep (0:5)
  J - a cursed wand of speed monster (0:3)
 Tools    ('(')
  y - a cursed brass lantern (lit)
  C - an uncursed mirror
  D - an uncursed osaku
  T - a +0 pick-axe

ArrBianca the Samurai's attributes:

Background:
 You were a Kunoichi, a level 7 female human Samurai.
 You were lawful, nominally on a mission for Amaterasu Omikami
 who was opposed by Raijin (neutral) and Susanowo (chaotic).
 You were left-handed.
 You were in the Gnomish Mines, on level 8.
 You entered the dungeon 2444 turns ago.
 It was nighttime.
 You had 735 experience points, 545 more were needed to attain level 8.

Basics:
 You had 0 out of 68 hit points.
 You had all 22 energy points (spell power).
 Your armor class was 4.
 Your wallet was empty.
 Autopickup was on for '$?!/="+%' plus thrown, with exceptions.

Final Characteristics:
 Your strength was 11 (peak:17, limit:18/100).
 Your dexterity was 17 (limit:18).
 Your constitution was 17 (limit:18).
 Your intelligence was 11 (limit:18).
 Your wisdom was 10 (limit:18).
 Your charisma was 6 (limit:18).

Final Status:
 You were stunned.
 You weren't hungry.
 You were burdened; movement was slightly slowed.
 You were wielding a long sword.
 You had basic skill with long sword and could have enhanced that.

Final Attributes:
 You were devoutly aligned.
 Your items were somewhat protected from fire.
 You were cold resistant.
 Your items were protected from cold.
 You were warded.
 You were fast.
 You are dead.

Miscellaneous:
 You didn't encounter any bones levels.
 Total elapsed playing time was 36 minutes and 39 seconds.

Major events:
 Turn
    1: ArrBianca the lawful female human Samurai entered the dungeon
  151: attained the rank of Ronin (level 3)
 1049: entered the Gnomish Mines
 1627: attained the rank of Kunoichi (level 6)
 2107: reached Mine Town
 2444: killed by a watch captain

You didn't know any spells.

Skills:
 Fighting Skills
   martial arts      [Basic]
   two weapon combat [Unskilled]
   riding            [Unskilled]
 Weapon Skills
   dagger            [Unskilled]
   knife             [Unskilled]
   short sword       [Basic]
   broadsword        [Unskilled]
   long sword        [Basic]
   two-handed sword  [Unskilled]
   saber             [Unskilled]
   flail             [Unskilled]
   quarterstaff      [Unskilled]
   polearms          [Unskilled]
   spear             [Unskilled]
   lance             [Unskilled]
   bow               [Basic]
   shuriken          [Unskilled]
 Spellcasting Skills
   attack spells     [Unskilled]
   divination spells [Unskilled]
   clerical spells   [Unskilled]

Voluntary challenges:
 Character rerolling was not enabled.
 You were an atheist.
 You never genocided any monsters.
 You never polymorphed an object.
 You never changed form.
 You used no wishes.
Achievements:
 You attained the rank of Ronin.
 You entered a shop.
 You entered the Gnomish Mines.
 You attained the rank of Kunoichi.
 You entered Minetown.

 The Dungeons of Doom: levels 1 to 4
    Level 1:
    Level 2:
       A ring shop.
    Level 3:
       Some fountains.
    Level 4:
       A fountain.
       Stairs down to The Gnomish Mines.
 The Gnomish Mines: levels 5 to 8
    Level 5:
    Level 6:
    Level 7:
    Level 8: <- You were here.
       A food shop, many fountains.
       Final resting place for
          you, killed by a watch captain.


Vanquished creatures:
  a ghost
  a chameleon
  3 giant spiders
  a lizard
  a dingo
  a blue jelly
  2 apes
  a water nymph
  2 rock piercers
  6 gnome leaders
  6 giant ants
  5 dwarves
  a homunculus
  a rothe
  a giant bat
  2 orc zombies
  a wererat
  2 iguanas
  a coyote
  a gas spore
  2 hobbits
  a large kobold
  a hobgoblin
  4 giant rats
 28 gnomes
  3 geckos
  5 jackals
  a fox
  3 grid bugs
  a kobold zombie
  4 newts
93 creatures vanquished.

No species were genocided or became extinct.

Game over:
                       ----------
                      /          \
                     /    REST    \
                    /      IN      \
                   /     PEACE      \
                  /                  \
                  |    ArrBianca     |
                  |       0 Au       |
                  |   killed by a    |
                  |  watch captain   |
                  |                  |
                  |                  |
                  |       2026       |
                 *|     *  *  *      | *
        _________)/\\_//(\/(/\)/\//\/|_)_______

Sayonara ArrBianca the Samurai...

You died in The Gnomish Mines on dungeon level 8 with 3824 points,
and 0 pieces of gold, after 2444 moves.
You were level 7 with a maximum of 68 hit points when you died.

